 Dungeon Sprint DCSS version 0.29.1-15-g9cfb28693d (webtiles) character file.

Game seed: 4942481761138273181

3939 boopmooplesden the Severer (level 10, -1/159 HPs)
             Began as a Minotaur Berserker on Mar 6, 2023.
             Was a High Priest of Trog.
             Succumbed to an orange demon's poison
             ... in the Dungeon (Sprint VII: "The Pits").
             The game lasted 00:02:36 (1210 turns).

boopmooplesden the Severer (Minotaur Berserker)     Turns: 1210, Time: 00:02:36

Health: -1/159     AC: 19    Str: 25    XL:     10   Next: 1%
Magic:  3/3        EV: 11    Int:  4    God:    Trog [*****.]
Gold:   0          SH:  0    Dex: 11    Spells: 9/9 levels left

rFire   . . .      SeeInvis .   u - +2 battleaxe (antimagic)
rCold   . . .      Faith    .   (shield currently unavailable)
rNeg    . . .      Spirit   .   s - +4 chain mail
rPois   .          Reflect  .   (helmet restricted)
rElec   .          Harm     .   (no cloak)
rCorr   .          Rampage  .   r - +0 pair of gloves
Will    .....      NoTele   +   q - +0 pair of boots
Stlth   ..........              (no amulet)
HPRegen 0.36/turn               (no ring)
MPRegen 0.08/turn               (no ring)

@: berserking, lethally poisoned (-1 -> -13), weakened, very quick
A: horns 2, retaliatory headbutt
a: Renounce Religion, Berserk, Trog's Hand, Brothers in Arms


You were in the Dungeon.
You worshipped Trog.
Trog was extremely pleased with you.
You visited 1 branch

Inventory:

Hand Weapons
 a - a +0 hand axe
 i - a +2 hand axe
 l - a +2 hand axe of freezing
 t - a +1 vorpal broad axe
 u - a +2 antimagic battleaxe (weapon)
Armour
 b - a +0 animal skin
 m - a +2 plate armour
 q - a +0 pair of boots (worn)
 r - a +0 pair of gloves (worn)
 s - a +4 chain mail (worn)
Jewellery
 n - a +3 ring of strength
 o - a +3 ring of protection
Scrolls
 h - a scroll of blinking
 k - a scroll of summoning
Potions
 c - 8 potions of curing
 d - 10 potions of heal wounds
 e - 2 potions of haste
 f - 4 potions of magic
 g - 3 potions of berserk rage
 j - 2 potions of invisibility
 p - 2 potions of might


   Skills:
 + Level 15.5 Fighting
 + Level 18.5 Axes
 + Level 11.9 Armour
 + Level 8.1 Dodging


You had 9 spell levels left.
You didn't know any spells.
Your spell library was empty.

Dungeon Overview and Level Annotations

Branches:
Dungeon (1/1)

Altars:
Cheibriados
Dithmenos
Elyvilon
Fedhas
Gozag
Hepliaklqana
Makhleb
Nemelex Xobeh
Okawaru
Qazlal
Ru
Sif Muna
Trog
Wu Jian
Xom
Yredelemnul
Zin
The Shining One
Jiyva


Innate Abilities, Weirdness & Mutations

You have a pair of horns on your head.
You reflexively headbutt those who attack you in melee.


Message History

You feel very sick.
You miss the tyrant leech.
The tyrant leech is heavily wounded.
You feel very sick.
The orange demon stings you but does no damage.
The tyrant leech bites you but does no damage.
You miss the tyrant leech.
The tyrant leech is heavily wounded.
You feel very sick.
You hit the tyrant leech. Your headbutt misses the tyrant leech.
The tyrant leech is heavily wounded.
You feel very sick.
The orange demon stings you but does no damage.
You barely miss the tyrant leech. You headbutt the tyrant leech!
The tyrant leech is severely wounded.
You feel very sick. The tyrant leech bites you!!
* * * LOW HITPOINT WARNING * * *
The tyrant leech draws strength from your injuries!
You chop the tyrant leech into pieces!!!
You kill the tyrant leech!
Trog accepts your kill.
* * * LOW HITPOINT WARNING * * *
You feel very sick. The orange demon stings you from afar.
* * * LOW HITPOINT WARNING * * *
You have reached level 10!
* * * LOW HITPOINT WARNING * * *
You feel very sick.
The orange demon stings you but does no damage.
The orange demon hits you.
* * * LOW HITPOINT WARNING * * *
You feel your attacks grow feeble.
You hit the orange demon. Your headbutt misses the orange demon.
The orange demon is lightly wounded.
* * * LOW HITPOINT WARNING * * *
You feel sick.
You slice the orange demon!!
The orange demon is heavily wounded.
You die...

..##.......##..#...#
..##.......##..'..#
####.......##.##..#
..#############...+
.#############....#
)#....#...[##..#..##
'#....#....##.###..##
)'....'...)####.##..#
'#....#!.))# #..@'..+
.#....#..))##..4†#..#
#####################


You could see an orange demon.

Vanquished Creatures
  A two-headed ogre (D)
  A death yak (D)
  A sea snake (D)
  A bog body (D)
  A phantasmal warrior (D)
  An efreet (D)
  A tyrant leech (D)
  A merfolk (D)
  A troll (D)
  A water moccasin (D)
  A floating eye (D)
  A swamp drake (D)
  A centaur (D)
  A phantom (D)
  2 crimson imps (D)
  2 mummies (D)
  2 adders (D)
  3 ufetubi (D)
  A worm (D)
  A ball python (D)
  2 endoplasms (D)
  A giant cockroach (D)
  A quokka (D)
  A frilled lizard (D)
  A kobold (D)
  A quokka zombie (D)
  2 rats (D)
34 creatures vanquished.

Notes
Turn   | Place    | Note
-------+----------+-------------------------------------------
     0 | D        | boopmooplesden the Minotaur Berserker began the quest for
                  | the Orb.
     0 | D        | Reached XP level 1. HP: 19/19 MP: 0/0
    12 | D        | Reached skill level 4 in Axes
    12 | D        | Reached XP level 2. HP: 23/28 MP: 1/1
    39 | D        | Found a bloodstained altar of Trog.
    39 | D        | Found a shimmering blue altar of Sif Muna.
    39 | D        | Found a viscous altar of Jiyva.
    39 | D        | Found a hazy altar of Hepliaklqana.
    39 | D        | Found an opulent altar of Gozag.
    40 | D        | Found a glowing golden altar of the Shining One.
    40 | D        | Found a glowing silver altar of Zin.
    40 | D        | Found a basalt altar of Yredelemnul.
    40 | D        | Found a shimmering altar of Xom.
    40 | D        | Found an ornate altar of the Wu Jian Council.
    40 | D        | Found a sacrificial altar of Ru.
    40 | D        | Found a stormy altar of Qazlal.
    40 | D        | Found an iron altar of Okawaru.
    40 | D        | Found a sparkling altar of Nemelex Xobeh.
    40 | D        | Found a burning altar of Makhleb.
    40 | D        | Found a blossoming altar of Fedhas.
    40 | D        | Found a white marble altar of Elyvilon.
    40 | D        | Found a shadowy altar of Dithmenos.
    40 | D        | Found a snail-covered altar of Cheibriados.
    46 | D        | Noticed a floating eye
    49 | D        | Paralysed by a floating eye for 3 turns
    55 | D        | Killed a floating eye
    56 | D        | Reached skill level 8 in Axes
    56 | D        | Reached XP level 3. HP: 38/40 MP: 2/2
    56 | D        | Reached XP level 4. HP: 46/48 MP: 3/3
    59 | D        | Reached ** piety under Trog
    76 | D        | Noticed a water moccasin
    82 | D        | Killed a water moccasin
    82 | D        | Reached *** piety under Trog
    83 | D        | Reached skill level 10 in Axes
    83 | D        | Reached XP level 5. HP: 40/57 MP: 4/4
   215 | D        | Noticed a centaur
   223 | D        | Reached **** piety under Trog
   226 | D        | Killed a centaur
   227 | D        | Reached skill level 10 in Fighting
   227 | D        | Reached skill level 11 in Axes
   227 | D        | Reached skill level 5 in Armour
   227 | D        | Reached skill level 5 in Dodging
   227 | D        | Reached XP level 6. HP: 67/67 MP: 5/5
   258 | D        | Reached ***** piety under Trog
   287 | D        | Noticed a troll
   292 | D        | Killed a troll
   293 | D        | Reached skill level 12 in Axes
   293 | D        | Reached XP level 7. HP: 58/74 MP: 6/6
   369 | D        | Received a gift from Trog
   415 | D        | Noticed a death yak
   415 | D        | Noticed a merfolk
   429 | D        | Killed a merfolk
   430 | D        | Reached skill level 13 in Axes
   433 | D        | Killed a death yak
   434 | D        | Reached skill level 15 in Axes
   434 | D        | Reached XP level 8. HP: 79/86 MP: 7/7
   559 | D        | Noticed a bog body
   565 | D        | Killed a bog body
   566 | D        | Reached skill level 16 in Axes
   681 | D        | Noticed a phantasmal warrior
   685 | D        | Killed a phantasmal warrior
   685 | D        | Received a gift from Trog
   686 | D        | Reached skill level 10 in Armour
   686 | D        | Reached XP level 9. HP: 71/96 MP: 8/8
   695 | D        | Noticed a two-headed ogre
   695 | D        | Noticed an efreet
   709 | D        | Killed a two-headed ogre
   710 | D        | Reached skill level 15 in Fighting
   710 | D        | Reached skill level 17 in Axes
   714 | D        | Killed an efreet
   714 | D        | HP: 3/97 [swamp drake (8)]
  1193 | D        | Noticed a sea snake
  1193 | D        | Noticed an orange demon
  1194 | D        | Noticed a tyrant leech
  1199 | D        | Killed a sea snake
  1200 | D        | Reached skill level 18 in Axes
  1207 | D        | Killed a tyrant leech
  1208 | D        | Reached XP level 10. HP: 10/106 MP: 3/9
  1208 | D        | HP: 7/159 [poisoned by an orange demon]
  1208 | D        | HP: 3/159 [orange demon (4)]
  1209 | D        | HP: 1/159 [poisoned by an orange demon]
  1210 | D        | Succumbed to an orange demon's poison

Illustrated notes

Levels and vault maps discovered:
D:        pitsprint [storerooms_1, entrance_room_1, metal_vault_7, armoury_3,
          mini_pit_1, grid_room_1, main_hall_1, silver_pit, the_coven_1,
          the_vestibule_1, steel_vault_4, golden_pit, hallway_of_sentries,
          crystal_vault_3, iron_vault_2, final_vault]

Skill      XL: |  1  2  3  4  5  6  7  8  9 |
---------------+----------------------------+-----
Fighting       | 4 7 9 10 11 13 14 15 | 15.5
Axes           | 4 8 10 11 12 15 16 18 | 18.5
Armour         | 3 4 5 6 8 10 11 | 11.9
Dodging        | 3 4 5 6 7 8 |  8.1

Action                   |  1- 3 |  4- 6 |  7- 9 | 10-12 || total
-------------------------+-------+-------+-------+-------++-------
Melee: Hand axe          |     7 |    38 |    26 |       ||    71
       Headbutt          |       |     5 |    16 |       ||    21
       Punch             |       |     1 |     1 |       ||     2
       Broad axe         |       |       |    11 |       ||    11
       Battleaxe         |       |       |    22 |     2 ||    24
Invok: Berserk           |       |     1 |     3 |       ||     4
Armor: Animal skin       |       |     1 |       |       ||     1
       Plate armour      |       |    11 |    10 |       ||    21
       Chain mail        |       |       |    13 |     1 ||    14
Dodge: Dodged            |     2 |    17 |    17 |       ||    36
